 Dungeon Crawl Stone Soup version 0.28-a0-1174-g766a6a42ef (webtiles) character file.

Game seed: 10241495602391303558

1708 hazymike the Slasher (level 9, -2/65 HPs)
             Began as a Djinni Fighter on Dec 16, 2021.
             Was a Follower of Makhleb.
             Slain by Duvessa (5 damage)
             ... on level 6 of the Dungeon.
             The game lasted 00:56:59 (8543 turns).

hazymike the Slasher (Djinni Fighter)               Turns: 8543, Time: 00:57:01

Health: -2/65      AC: 12    Str: 22    XL:     9   Next: 23%
Gold:   230        EV: 10    Int: 11    God:    Makhleb [*.....] SH:  5 Dex: 12

rFire   + + .      SeeInvis .   a - +0 long sword
rCold   x . .      Faith    .   c - +0 buckler
rNeg    . . .      Spirit   .   k - +1 ring mail {rPois}
rPois   ∞          Reflect  .   m - +2 helmet
rElec   .          Harm     .   d - +0 cloak "Guocub" {Will+ Str+3}
rCorr   .          Rampage  .   j - +0 pair of gloves
Will    .....                   (boots unavailable)
Stlth   +.........              (no amulet)
HPRegen 0.20/turn               (no ring)
MPRegen 0.00/turn               (no ring)

@: weak-willed, flying
A: sickness immunity, fire resistance 2, cold vulnerability 1, float, innate
caster, hp casting, extra vitality 1
a: Renounce Religion


You were on level 6 of the Dungeon.
You worshipped Makhleb.
Makhleb was aware of your devotion.
You visited 1 branch of the dungeon, and saw 7 of its levels.

You collected 230 gold pieces.

Inventory:

Hand Weapons
 a - a +0 long sword (weapon)
 b - a +1 dagger of venom
Missiles
 h - 197 stones (quivered)
 s - a poisoned dart
Armour
 c - a +0 buckler (worn)
 d - the +0 cloak "Guocub" (worn) {Will+ Str+3}
   (You found it on level 4 of the Dungeon)

   Str:       It affects your strength (+3).
   Will:      It increases your willpower.
 j - a +0 pair of gloves (worn)
 k - a +1 ring mail of poison resistance (worn)
 m - a +2 helmet (worn)
Wands
 n - a wand of flame (14)
 r - a wand of paralysis (5)
Scrolls
 v - a scroll of identify
Potions
 f - a potion of berserk rage {unknown}
 i - 3 potions of curing
 l - a potion of flight {unknown}
 o - a potion of ambrosia {unknown}
 q - a potion of lignification {unknown}
 t - a potion of cancellation


   Skills:
 + Level 5.3 Fighting
 * Level 6.0 Long Blades
 + Level 5.3 Armour
 - Level 4.0 Shields
 * Level 3.8 Spellcasting
 + Level 2.8 Invocations


You had 6 spell levels left.
You knew the following spells:

 Your Spells              Type           Power      Damage    Failure   Level
a - Pain                  Necr           40%        1d6       8%          1
b - Searing Ray           Conj           20%        2d5       12%         2
c - Teleport Other        Tloc           10%        N/A       22%         3
d - Conjure Flame         Conj/Fire      10%        6-21      22%         3
Your spell library was empty.

Dungeon Overview and Level Annotations

Branches:
Dungeon (7/15)             Temple (0/1) D:6

Altars:
Hepliaklqana
Makhleb
Nemelex Xobeh
Vehumet

Shops:
D:5 *

Annotations:
D:3 exclusion: ogre
D:6 Duvessa
D:7 Harold


Innate Abilities, Weirdness & Mutations

You are immune to sickness and miasma.
You are immune to poison.
Your flesh is very heat resistant. (rF++)
You are vulnerable to cold. (rC-)
You float through the air rather than walking.
You learn spells naturally, not from books.
Your magical power is your life essence.
You have superior vitality. (+4 HP)


Message History

Duvessa hits you with a +0 short sword!
There is a stone staircase leading up here.
The centaur unwields a +0 shortbow.
The centaur hits you but does no damage.
The centaur closely misses you.
Found 13 stones.
Duvessa closely misses you. Duvessa hits you but does no damage.
Duvessa rages.
Something hits you but does no damage.
Deactivating autopickup; reactivate with Ctrl-A.
Duvessa hits you with a +0 short sword! Something hits you.
Duvessa closely misses you. Something hits you but does no damage.
The centaur wields a +0 shortbow.
The centaur shoots an arrow.
The arrow closely misses you. Something completely misses you.
Something hits you but does no damage. You block Duvessa's attack.
Something hits you but does no damage.
The centaur shoots an arrow.
The arrow hits you. Something hits you. Duvessa barely misses you.
Something hits you.
The centaur shoots an arrow.
The arrow misses you.
There is a stone staircase leading up here.
Something hits you! Duvessa hits you with a +0 short sword!
* * * LOW HITPOINT WARNING * * *
The centaur shoots an arrow.
The arrow hits you.
* * * LOW HITPOINT WARNING * * *
Duvessa hits you with a +0 short sword.
* * * LOW HITPOINT WARNING * * *
You fly upwards.
Reactivating autopickup.
There is a stone staircase leading down here.
As you read the scroll labelled DUUMPA TOURHYK, it crumbles to dust.
Magic quickly surges around you.
It was a scroll of vulnerability.
Duvessa barely misses you.
Aiming: Paralyse
Press: ? - help, Shift-Dir - straight line, f - Duvessa
Aim: Duvessa, wielding a +0 short sword, wearing a +0 scale mail and wearing a ring of magical power (berserk, weak-willed, chance to affect: 46%) Duvessa resists with some effort.
Duvessa hits you with a +0 short sword!
* * * LOW HITPOINT WARNING * * *
Duvessa hits you with a +0 short sword.
You die...

......#.# #####...#..## #..#.....
........###.#.......### #........
.......[).......>...#.###....#...
.......###................#..#..#
.##.....####..⌠.⌠.⌠.....####....#
.####...#.#...8.8.8.....######...
...###................###.###....
....#......###..e..#.......###...
..#.).......###.@.....#.#........
..###.......##........###........
#.###................####........
#...##.........#.#....#.#........
#....#.##.....##.###......#......
.##....###.<.......)..#######....
...#...##..........#######.##....
#..#.####.##.#####..##...........
#....# #..#..####...#....##..#..


You could see Duvessa (berserk, weak-willed).

Vanquished Creatures
  2 water moccasins (D:6)
  A sky beast (D:5)
  An ice beast (D:6)
  An ogre (D:6)
  A necrophage (D:4)
  A centaur (D:7)
  A gnoll sergeant (D:6)
  3 scorpions
  Dowan (D:7)
  A water moccasin skeleton (D:4)
  3 jellies
  A bullfrog skeleton (D:5)
  6 hounds
  3 iguanas
  2 orc wizards (D:5)
  A hound skeleton (D:4)
  Robin (D:2)
  2 howler monkey skeletons
  5 gnolls
  8 adders
  A white imp (D:5)
  2 ufetubi
  3 worms (D:4)
  5 dart slugs
  16 orcs
  4 bats
  4 endoplasms
  7 giant cockroaches
  11 goblins
  8 hobgoblins
  12 kobolds
  9 quokkas
  7 ball pythons
  3 rats
137 creatures vanquished.

Vanquished Creatures (others)
  3 plants (D:5)
3 creatures vanquished.

Grand Total: 140 creatures vanquished

Notes
Turn   | Place    | Note
-------+----------+-------------------------------------------
     0 | D:1      | hazymike the Djinni Fighter began the quest for the Orb.
     0 | D:1      | Reached XP level 1. HP: 20/20 MP: 0/0
    69 | D:1      | Reached skill level 2 in Long Blades
    73 | D:1      | Reached XP level 2. HP: 25/25 MP: 0/0
   404 | D:1      | Reached XP level 3. HP: 29/30 MP: 0/0
   404 | D:1      | Learned a level 1 spell: Pain
  1008 | D:2      | Found a faded altar of an unknown god.
  1398 | D:2      | Noticed Robin
  1414 | D:2      | Reached XP level 4. HP: 22/35 MP: 0/0
  1659 | D:2      | Killed Robin
  2103 | D:2      | Reached skill level 1 in Spellcasting
  2325 | D:3      | Reached skill level 3 in Long Blades
  2325 | D:3      | Reached XP level 5. HP: 35/40 MP: 0/0
  2325 | D:3      | Learned a level 2 spell: Searing Ray
  3012 | D:4      | Noticed an ogre
  3264 | D:4      | Reached XP level 6. HP: 32/47 MP: 0/0
  3372 | D:4      | Noticed a necrophage
  3782 | D:4      | Identified the +0 cloak "Guocub" {Will+ Str+3}
  3975 | D:4      | You are sucked into a shaft and drop 3 floors!
  4012 | D:7      | Noticed Dowan
  4040 | D:7      | Killed Dowan
  4045 | D:7      | Reached skill level 4 in Long Blades
  4045 | D:7      | Reached XP level 7. HP: 30/52 MP: 0/0
  4045 | D:7      | Learned a level 3 spell: Teleport Other
  4091 | D:7      | Noticed Duvessa
  4105 | D:7      | Found a burning altar of Makhleb.
  4174 | D:7      | Became a worshipper of Makhleb the Destroyer
  4262 | D:7      | Noticed Harold
  4331 | D:6      | Noticed a water moccasin
  4383 | D:6      | Killed a water moccasin
  4648 | D:5      | Entered Level 5 of the Dungeon
  4873 | D:5      | Reached XP level 8. HP: 58/58 MP: 0/0
  5025 | D:5      | Found a faded altar of an unknown god.
  5037 | D:5      | Reached skill level 1 in Invocations
  5185 | D:5      | Found Puupsuc's Assorted Antiques.
  5472 | D:5      | Found a faded altar of an unknown god.
  5472 | D:5      | Found a faded altar of an unknown god.
  5474 | D:5      | Found a hazy altar of Hepliaklqana.
  5751 | D:5      | Reached skill level 5 in Long Blades
  6186 | D:3      | Reached * piety under Makhleb
  6244 | D:4      | Reached skill level 5 in Armour
  6274 | D:4      | Found a sparkling altar of Nemelex Xobeh.
  6847 | D:6      | Found a staircase to the Ecumenical Temple.
  6914 | D:6      | Reached skill level 5 in Fighting
  7327 | D:6      | Reached XP level 9. HP: 48/65 MP: 0/0
  7327 | D:6      | Learned a level 3 spell: Conjure Flame
  7824 | D:6      | Found a staircase to the Ecumenical Temple.
  8119 | D:6      | Reached skill level 6 in Long Blades
  8543 | D:6      | HP: 3/65 [Duvessa (7)]
  8543 | D:6      | Slain by Duvessa

Illustrated notes

Levels and vault maps discovered:
D:1:      co_arrival_hexagon_in_a_hexagon, layout_rooms
D:2:      layout_loops_corners, hellmonk_ecumenical_altar_zigzags,
          chequers_serial_rivers_marsh, uniq_robin
D:3:      minmay_general_purpose_star, layout_basic
D:4:      layout_basic, amcnicky_altar_gilded, nicolae_vehumet_radiance,
          kennysheep_flooded_box, minmay_misc_feat_iff,
          chequers_serial_rivers_marsh
D:5:      layout_basic, nicolae_hepliaklqana_ecumenical_no_more, serial_shops,
          nicolae_shop_statue_plus, serial_bayou_pond_d,
          hangedman_abyss_or_decor_stabs, grunt_ministairs_8,
          chequers_serial_rivers_micro_d, kennysheep_generic_room_9
D:6:      layout_cave_pools, minmay_temple_entry_drinking_statues
D:7:      layout_cave_pools, mainiacjoe_overflow_chevrons, nrook_mini_backslash,
          uniq_duvessa, uniq_harold

Skill      XL: |  1  2  3  4  5  6  7  8  9 |
---------------+----------------------------+-----
Long Blades    | 2 3 4 5 6 |  6.0
Spellcasting   | 1 2 3 |  3.8
Fighting       | 4 5 |  5.3
Armour         | 4 5 |  5.3
Shields        | 4 |  4.0
Invocations    | 2 |  2.8

Action                   |  1- 3 |  4- 6 |  7- 9 || total
-------------------------+-------+-------+-------++-------
Melee: Long sword        |   114 |   150 |   241 ||   505
       Dagger            |       |    21 |    54 ||    75
Throw: Stone             |    31 |    31 |    56 ||   118
       Dart              |       |     9 |     1 ||    10
 Cast: Searing Ray       |       |       |     2 ||     2
Evoke: Wand              |       |       |     5 ||     5
  Use: Scroll            |       |     2 |     7 ||     9
       Potion            |       |     1 |     3 ||     4
Armor: Scale mail        |    38 |       |       ||    38
       Ring mail         |    16 |    83 |   185 ||   284
Dodge: Dodged            |    43 |    96 |   177 ||   316
Block: Buckler           |    23 |    43 |    87 ||   153

Table legend: (Time is in decaauts)
 A = Elapsed time spent in this place.
 B = Non-inter-level travel time spent in this place.
 C = Inter-level travel time spent in this place.
 D = Time resting spent in this place.
 E = Time spent auto-exploring this place.
 F = Levels seen in this place.
 G = Mean time per level.
                   A        B        C        D        E       F      G
               +--------+--------+--------+--------+--------+-----+--------+
         Total |   8658 |   7887 |    771 |   1951 |   3912 |   7 | 1236.9 |
       Dungeon |   8658 |   7887 |    771 |   1951 |   3912 |   7 | 1236.9 |
               +--------+--------+--------+--------+--------+-----+--------+

Top non-repeatable levels by time:
     D:6: 1973 daAuts
     D:5: 1610 daAuts
     D:2: 1408 daAuts
     D:3: 1215 daAuts
     D:4: 1095 daAuts
     D:1: 1017 daAuts
     D:7: 336 daAuts
